 Dungeon Crawl Stone Soup version 0.19.1 (webtiles) character file.

56 smedtjen the Skirmisher (level 3, -3/34 HPs)
             Began as a Hill Orc Abyssal Knight on Dec 8, 2016.
             Was a Follower of Lugonu.
             Slain by Terence
             ... wielding a +0 hand axe
              (5 damage)
             ... on level 3 of the Dungeon.
             The game lasted 00:03:00 (1767 turns).

smedtjen the Skirmisher (Hill Orc Abyssal Knight)   Turns: 1767, Time: 00:03:01

Health: -3/34      AC:  3    Str: 14    XL:     3   Next: 97%
Magic:  4/4        EV: 11    Int: 12    God:    Lugonu [*.....]
Gold:   75         SH:  0    Dex: 11    Spells: 0 memorised, 2 levels left

rFire  . . .     SeeInvis .     a - +1 hand axe
rCold  . . .     Gourm    .     b - +0 leather armour
rNeg   . . .     Faith    .     (no shield)
rPois  .         Spirit   .     (no helmet)
rElec  .         Reflect  .     (no cloak)
rCorr  .         Harm     .     (no gloves)
MR     .....                    (no boots)
Stlth  +.........               (no amulet)
                                (no ring)
                                (no ring)

@: no status effects
A: no striking features
a: Depart the Abyss, Renounce Religion


You were on level 3 of the Dungeon.
You worshipped Lugonu.
Lugonu was aware of your devotion.
You were not hungry.

You visited 1 branch of the dungeon, and saw 3 of its levels.
You visited the Abyss 1 time.

You collected 75 gold pieces.

Inventory:

Hand Weapons
 a - a +1 hand axe (weapon)
Armour
 b - a +0 leather armour (worn)
Jewellery
 e - a +3 amulet of reflection {unknown}
Scrolls
 h - a scroll of blinking {unknown}
 j - a scroll of identify {unknown}
 n - a scroll of random uselessness {unknown}
 o - a scroll of remove curse {unknown}
Potions
 d - a potion of might {unknown}
 g - a potion of invisibility {unknown}
 i - a potion of magic {unknown}
 k - a potion of agility {unknown}
 l - a potion of curing {unknown}
 m - a potion of brilliance {unknown}
Comestibles
 c - a bread ration


   Skills:
 + Level 4.4 Fighting
 + Level 3.7 Axes
 + Level 2.5 Armour
 + Level 1.2 Dodging
 + Level 0.1 Stealth
 + Level 2.6 Invocations


You had 2 spell levels left.
You didn't know any spells.

Dungeon Overview and Level Annotations

Branches:
Dungeon (3/15)

Altars:
Ashenzari

Annotations:
D:3 Terence


Message History

Terence closely misses you.
Found a bread ration.
There is a stone staircase leading down here.
Terence hits you with a hand axe.
You climb downwards.
There is a stone staircase leading up here.
You barely miss Terence. Terence hits you with a hand axe.
You hit Terence but do no damage. Terence hits you with a hand axe.
* * * LOW HITPOINT WARNING * * *
You hit Terence.
Terence is lightly wounded.
Terence hits you but does no damage.
You hit Terence.
Terence is moderately wounded.
Terence hits you with a hand axe!
* * * LOW HITPOINT WARNING * * *
You barely miss Terence.
Terence is moderately wounded.
Terence hits you with a hand axe.
You die...

# #. ####
###.####...#
...........
#........
##.......
.......@#
.......@#
......#.#
..... #.#
.... ... ...
... .# ....#
..... ......


You could see Terence.

Vanquished Creatures
  2 adders (D:2)
  A worm (D:2)
  A dart slug (D:2)
  2 leopard geckos (D:2)
  A goblin (D:1)
  4 hobgoblins
  4 jackals (D:1)
  4 kobolds (D:1)
  2 quokkas (D:2)
  6 bats
  2 rats
29 creatures vanquished.

Notes
Turn   | Place    | Note
-------+----------+-------------------------------------------
     0 | Abyss:1  | smedtjen the Hill Orc Abyssal Knight began the quest for the Orb.
     0 | Abyss:1  | Reached XP level 1. HP: 19/19 MP: 2/2
    62 | Abyss:1  | Noticed a smoke demon
    62 | D:1      | Escaped the Abyss
   175 | D:1      | Reached * piety under Lugonu
   175 | D:1      | Reached skill level 4 in Fighting
   175 | D:1      | Reached XP level 2. HP: 15/27 MP: 3/3
   673 | D:1      | Reached skill level 1 in Dodging
   979 | D:2      | Reached XP level 3. HP: 16/33 MP: 4/4
  1236 | D:2      | Found a shattered altar of Ashenzari.
  1342 | D:2      | Found a faded altar of an unknown god.
  1708 | D:2      | Noticed Terence
  1767 | D:3      | Slain by Terence

Skill      XL: |  1  2 |
---------------+-------+-----
Fighting       | 4 |  4.4
Axes           | 3 |  3.7
Dodging        | 1 |  1.2
Armour         | |  2.5
Stealth        | |  0.1
Invocations    | |  2.6

Action                   || total
-------------------------++-------
Melee: Hand axe          ||   140
Invok: Depart the Abyss  ||     1
  Eat: Meat ration       ||     1
Armor: Leather armour    ||    48
Dodge: Dodged            ||   126
